 Dungeon Crawl Stone Soup version 0.24.0-13-gcf9b3192b9 (webtiles) character file.

Game seed: 16168634916779912480, levelgen mode: deterministic

130 Edwards80 the Cutter (level 5, 0/34 HPs)
             Began as a Halfling Assassin on Nov 6, 2019.
             Slain by an adder (3 damage)
             ... on level 3 of the Dungeon.
             The game lasted 00:06:15 (2225 turns).

Edwards80 the Cutter (Halfling Assassin)            Turns: 2225, Time: 00:06:16

Health: 0/34       AC:  4    Str: 12    XL:     5   Next: 36%
Magic:  5/5        EV: 14    Int:  9    God:
Gold:   105        SH:  0    Dex: 17    Spells: 4/4 levels left

rFire    . . .     SeeInvis .   o - -1 dagger (curse)
rCold    . . .     Gourm    .   (shield restricted)
rNeg     . . .     Faith    .   b - +0 robe
rPois    .         Spirit   .   (no helmet)
rElec    .         Reflect  .   c - +0 cloak
rCorr    .         Harm     .   (no gloves)
MR       .....                  p - +0 pair of boots
Stlth    +++.......             (no amulet)
HPRegen  0.11/turn              (no ring)
MPRegen  0.09/turn              (no ring)

@: no status effects
A: small, mutation resistance 1
a: no special abilities


You were on level 3 of the Dungeon.
You were not hungry.

You visited 1 branch of the dungeon, and saw 3 of its levels.

You collected 105 gold pieces.

Inventory:

Hand Weapons
 a - a +3 dagger
 i - a +0 dagger
 o - a cursed -1 dagger (weapon)
Missiles
 d - 8 poisoned darts (quivered)
 e - 2 curare-tipped darts
Armour
 b - a +0 robe (worn)
 c - a +0 cloak (worn)
 p - a +0 pair of boots (worn)
Potions
 g - a potion of brilliance {unknown}
 j - 2 potions of heal wounds {unknown}
 k - a potion of resistance {unknown}
 l - 3 potions of mutation {unknown}
 n - 2 potions of agility {unknown}
Comestibles
 f - 3 rations
 m - a chunk of flesh


   Skills:
 - Level 1.8 Fighting
 * Level 5.5 Short Blades
 - Level 2.0 Throwing
 - Level 1.1 Dodging
 - Level 5.1 Stealth


You had 4 spell levels left.
You didn't know any spells.
Your spell library was empty.

Dungeon Overview and Level Annotations

Branches:
Dungeon (3/15)

Altars:


Innate Abilities, Weirdness & Mutations

You are small and have problems with some larger weapons.
You are somewhat resistant to further mutation.


Message History

* * * LOW HITPOINT WARNING * * *
You hit the adder but do no damage.
The adder is almost dead.
The adder bites you but does no damage.
You closely miss the adder.
The adder is almost dead.
The adder misses you. The adder completely misses you. The adder misses you.
The adder barely misses you. The adder bites you but does no damage.
The orc shouts!
The adder closely misses you.
A leopard gecko comes into view.
The orc barely misses you. The adder barely misses you.
There is an escape hatch in the floor here.
You can't go up here!
The adder closely misses you. The orc misses you. The adder bites you.
You die...

#.###.#....... #.#⌠#...........
### .###....(...... ...##
........ .....##### ....# #....#
#.# #....# ###.# #....# #.#
#....# #≈#.# #....# #.# #....# #
###.#########..S@####.###...÷##.#
...............o..l..............
###.##.####.........#.........#.#
#.##.# #.#...#########.....# #
#†##.# #.#...# #<....# #)##.#
#.##### #...<## #.##'####.#
..(...... #.....o...# ########..
#.....o...# .


You could see an adder, an orc and a leopard gecko (wandering).

Vanquished Creatures
  6 adders (D:2)
  An ooze (D:1)
  2 dart slugs (D:1)
  3 leopard geckos
  2 orcs (D:3)
  A ball python (D:1)
  5 giant cockroaches
  7 goblins
  4 hobgoblins
  2 jackals (D:2)
  A quokka (D:2)
  8 bats
  4 frilled lizards
  9 kobolds
  9 rats
64 creatures vanquished.

Notes
Turn   | Place    | Note
-------+----------+-------------------------------------------
     0 | D:1      | Edwards80 the Halfling Assassin began the quest for the
                  | Orb.
     0 | D:1      | Reached XP level 1. HP: 14/14 MP: 1/1
    64 | D:1      | Reached XP level 2. HP: 14/19 MP: 2/2
   146 | D:1      | Reached skill level 5 in Stealth
   376 | D:1      | Reached XP level 3. HP: 14/24 MP: 3/3
  1018 | D:2      | Reached XP level 4. HP: 29/29 MP: 4/4
  1722 | D:2      | Reached XP level 5. HP: 12/34 MP: 5/5
  1926 | D:2      | Reached skill level 5 in Short Blades
  2206 | D:3      | HP: 1/34 [adder (4)]
  2225 | D:3      | Slain by an adder

Levels and vault maps discovered:
D:1:      dpeg_arrival_ratfight, layout_basic, minmay_hexomino_c4
D:2:      layout_rooms, item_on_display_a
D:3:      layout_basic, serial_glass, glass_columns_c, glass_columns_c,
          feat_on_display, feat_on_display, minmay_strange_pillars,
          ebering_ghost_reflecting_pool, minmay_fractal_squares_diagonal_5,
          uniq_terence, uniq_sigmund

Skill      XL: |  1  2  3  4  5 |
---------------+----------------+-----
Stealth        | 5 |  5.1
Short Blades   | 3 4 5 |  5.5
Fighting       | |  1.8
Throwing       | |  2.0
Dodging        | |  1.1

Action                   |  1- 3 |  4- 6 || total
-------------------------+-------+-------++-------
Melee: Dagger            |    96 |   224 ||   320
  Use: Scroll            |       |     4 ||     4
 Stab: Sleeping          |     8 |     2 ||    10
       Distracted        |       |     1 ||     1
  Eat: Ration            |       |     1 ||     1
       Chunk             |       |     1 ||     1
Armor: Robe              |    23 |    47 ||    70
Dodge: Dodged            |    60 |   175 ||   235
